 Dungeon Crawl Stone Soup version 0.18-a0-1526-gcb34c7c (webtiles) character file.

2122 dvd the Ruffian (level 9, -6/78 HPs)
             Began as a Ghoul Monk on Mar 8, 2016.
             Was a Follower of Qazlal.
             Mangled by an orc warrior
             ... wielding a +2 battleaxe of electrocution
              (22 damage)
             ... on level 6 of the Dungeon.
             The game lasted 00:14:55 (5436 turns).

dvd the Ruffian (Ghoul Monk)                        Turns: 5436, Time: 00:14:55

Health: -6/78      AC:  4    Str: 16 (17) XL:     9   Next: 29%
Magic:  0/17       EV: 13    Int:  4 (5)  God:    Qazlal [*.....]
Gold:   256        SH:  2    Dex: 10 (12) Spells: 0 memorised, 8 levels left

rFire  + . .     SeeInvis .       - Unarmed
rCold  + . .     Gourm    .     A - +1 leather armour {rF+}
rNeg   + + +     Faith    .     (no shield)
rPois  ∞         Spirit   +     (no helmet)
rElec  .         Dismiss  .     (no cloak)
rCorr  .         Reflect  .     (no gloves)
SustAt .         Harm     .     (no boots)
MR     .....                    v - amulet of guardian spirit
Stlth  ++........               (no ring)
                                i - ring of magical power

@: rotting, not resistant to hostile enchantments, unstealthy
A: rotting body, claws 1, carnivore 3, cold resistance 1, negative energy
resistance 3, slow regeneration 1, torment resistance, unbreathing
a: Renounce Religion


You were on level 6 of the Dungeon.
You worshipped Qazlal.
Qazlal was aware of your devotion.
You were not hungry.

You visited 2 branches of the dungeon, and saw 7 of its levels.

You collected 256 gold pieces.

Inventory:

Missiles
 z - 4 javelins (quivered)
Armour
 a - a +0 robe
 h - a +0 ring mail
 o - a +0 chain mail
 A - a +1 leather armour of fire resistance (worn)
Jewellery
 e - an uncursed ring of ice
 i - a ring of magical power (left claw)
 v - an amulet of guardian spirit (around neck)
Wands
 d - a wand of flame (14/48)
 k - a wand of random effects (13/48)
 u - a wand of digging (24/24)
Scrolls
 c - 6 scrolls of identify
 j - 3 scrolls of remove curse
 p - a scroll of teleportation
 q - a scroll of fog
 y - a scroll of enchant weapon
Potions
 s - a potion of ambrosia
Comestibles
 b - 5 meat rations
 n - 2 beef jerkies


   Skills:
 + Level 6.6 Fighting
 + Level 0.8 Throwing
 + Level 5.2 Armour
 + Level 5.8 Dodging
 + Level 4.4 Stealth
 + Level 7.9 Unarmed Combat
 + Level 0.2 Invocations


You had 8 spell levels left.
You didn't know any spells.

Dungeon Overview and Level Annotations

Branches:
Dungeon (6/15)             Temple (1/1) D:6

Altars:
Ashenzari
Cheibriados
Dithmenos
Fedhas
Gozag
Kikubaaqudgha
Makhleb
Nemelex Xobeh
Okawaru
Pakellas
Qazlal
Ru
Sif Muna
Vehumet
Xom
Yredelemnul
Zin
The Shining One

Shops:
D:4 *


Innate Abilities, Weirdness & Mutations

Your body is rotting away.
You thrive on raw meat.
You are immune to poison.
You have sharp fingernails.
You are carnivorous and can eat meat at any time.
Your flesh is cold resistant.
You are immune to negative energy.
You regenerate slowly when monsters are visible.
You are immune to unholy pain and torment.
You can survive without breathing.


Message History

You claw the orc warrior!
The orc warrior is severely wounded.
The orc warrior hits you with a battleaxe of electrocution!!
* * * LOW HITPOINT WARNING * * *
Drink which item? (? for menu, Esc to quit)
You feel much better.
The orc wizard mumbles some strange words.
The orc wizard flickers and vanishes!
Deactivating autopickup; reactivate with Ctrl-A.
The orc warrior misses you.
You scratch the orc warrior.
The orc warrior is almost dead.
You scratch the orc warrior but do no damage.
The orc warrior is almost dead.
The orc warrior hits you with a battleaxe of electrocution!
* * * LOW HITPOINT WARNING * * *
You scratch the orc warrior but do no damage.
The orc warrior is almost dead.
The orc warrior hits you with a battleaxe of electrocution!!
You die...

#......####+##
#..P.P[###...##
#...>...#...).≈
###..P.P.....<.≈≈
#)............≈≈≈
#.......+....≈≈≈≈
##....####....≈≈≈.
#..#.## ##...≈≈≈.
#@#### ##.≈≈≈≈. #o#
#.≈≈≈≈≈ #{# #.≈≈≈≈≈
#.# ≈≈≈≈ #.# ≈≈≈≈ #.#
#####≈≈≈≈ ####.#####
##.##....≈
#........###.#......#
#.##.###.##.###§....#


You could see an orc warrior.

Vanquished Creatures
  The ghost of dvd the Firebug, a novice TeFE (D:6)
  The ghost of Cenon the Archer, a novice HEHu of the Shining One (D:5)
  Grinder (D:5)
  Sigmund (D:5)
  A phantom (D:6)
  3 ogres
  A centaur (D:6)
  Blork the orc (D:5)
  A giant frog (D:5)
  A scorpion (D:4)
  A crimson imp (D:5)
  A centaur zombie (D:5)
  2 orc priests
  A centaur skeleton (D:4)
  A giant frog skeleton (D:5)
  An iguana (D:5)
  Terence (D:3)
  2 orc wizards
  5 worker ants
  A worker ant zombie (D:6)
  3 gnolls (D:3)
  4 adders
  A shadow imp (D:6)
  An ooze (D:1)
  A worm (D:3)
  3 dart slugs
  3 giant geckos
  10 orcs
  9 bats
  3 giant cockroaches
  3 goblins
  5 hobgoblins
  2 jackals (D:5)
  2 quokkas
  6 giant newts
  6 kobolds
  4 rats
94 creatures vanquished.

Notes
Turn   | Place    | Note
--------------------------------------------------------------
     0 | D:1      | dvd the Ghoul Monk began the quest for the Orb.
     0 | D:1      | Reached XP level 1. HP: 19/19 MP: 0/0
   155 | D:1      | Reached XP level 2. HP: 26/26 MP: 1/1
   609 | D:1      | Reached skill level 5 in Unarmed Combat
   609 | D:1      | Reached XP level 3. HP: 31/31 MP: 2/2
  1294 | D:3      | Reached XP level 4. HP: 33/40 MP: 3/3
  1653 | D:3      | Reached skill level 1 in Armour
  1657 | D:3      | Reached XP level 5. HP: 31/46 MP: 4/4
  1683 | D:3      | Noticed Terence
  1695 | D:3      | Killed Terence
  2274 | D:4      | Found a blossoming altar of Fedhas.
  2300 | D:4      | Reached XP level 6. HP: 21/52 MP: 5/5
  2503 | D:4      | Reached skill level 6 in Unarmed Combat
  2694 | D:4      | Found a sparkling altar of Nemelex Xobeh.
  2836 | D:4      | Found Jywnayhin's General Store.
  2845 | D:4      | Reached XP level 7. HP: 12/60 MP: 6/6
  2984 | D:4      | Found a shimmering altar of Xom.
  2985 | D:4      | Found a snail-covered altar of Cheibriados.
  2985 | D:4      | Found a deep blue altar of Sif Muna.
  2987 | D:4      | Found an opulent altar of Gozag.
  3167 | D:5      | Entered Level 5 of the Dungeon
  3380 | D:5      | Found a sacrificial altar of Ru.
  3514 | D:5      | Noticed Grinder
  3528 | D:5      | Killed Grinder
  3528 | D:5      | Reached skill level 5 in Fighting
  3528 | D:5      | Reached XP level 8. HP: 54/68 MP: 7/7
  3597 | D:5      | Noticed Cenon's ghost (novice HEHu)
  3626 | D:5      | Killed Cenon's ghost
  3626 | D:5      | Reached skill level 7 in Unarmed Combat
  3912 | D:5      | Noticed Blork the orc
  3930 | D:5      | Killed Blork the orc
  4029 | D:5      | Noticed Sigmund
  4036 | D:5      | Killed Sigmund
  4036 | D:5      | Reached skill level 5 in Dodging
  4372 | D:6      | Found a staircase to the Ecumenical Temple.
  4383 | Temple   | Entered the Ecumenical Temple
  4508 | Temple   | Became a worshipper of Qazlal Stormbringer
  4508 | Temple   | Reached * piety under Qazlal
  4508 | Temple   | Reached ** piety under Qazlal
  4964 | D:6      | Reached XP level 9. HP: 55/75 MP: 8/8
  5234 | D:6      | Reached skill level 5 in Armour
  5283 | D:6      | Noticed dvd's ghost (novice TeFE)
  5291 | D:6      | Killed dvd's ghost
  5436 | D:6      | Mangled by an orc warrior

Vault maps used:
D:1:      eino_arrival_water_star
D:2:      first_bread
D:3:      uniq_terence
D:4:      minitemple, fedhas_altar_1, serial_shops, nicolae_shop_stone,
          nemelex_deck
D:5:      hangedman_decor_clover_reticule, kennysheep_nub,
          hangedman_abyss_or_decor_passed, nicolae_ru_great_annihilating_truth,
          uniq_grinder, uniq_blork_the_orc, uniq_sigmund
D:6:      lightli_temple_of_fire, minmay_temple_entry_trees, serial_shops,
          shop_coins, centaur_isle
Temple:   zaba_magenta_temple_12

Skill      XL: |  1  2  3  4  5  6  7  8  9 |
---------------+----------------------------+-----
Unarmed Combat | 5 6 7 |  7.9
Dodging        | 3 4 5 |  5.8
Armour         | 1 2 3 4 5 |  5.2
Fighting       | 4 5 6 |  6.6
Stealth        | 3 4 |  4.4
Throwing       | |  0.8
Invocations    | |  0.2

Action                   |  1- 3 |  4- 6 |  7- 9 || total
-------------------------+-------+-------+-------++-------
Melee: Unarmed           |    66 |   157 |   218 ||   441
Throw: Javelin           |       |       |     4 ||     4
Invok: Upheaval          |       |       |     3 ||     3
  Use: Potion            |       |     1 |    11 ||    12
       Scroll            |       |       |    10 ||    10
 Stab: Sleeping          |     2 |     3 |     1 ||     6
       Paralysed         |       |       |     1 ||     1
  Eat: Chunk             |     5 |    19 |    17 ||    41
